 Dungeon Sprint DCSS version 0.23.2-1-ga50397a6bc (webtiles) character file.

Game seed: 10896218162259956642

7004 KleinerIrrer the Zephyrmancer (level 11, 0/54 HPs)
             Began as a Tengu Air Elementalist on May 5, 2019.
             Was the Champion of Vehumet.
             Slain by a spark wasp (5 damage)
             ... in the Dungeon (Sprint V: "Ziggurat Sprint").
             The game lasted 00:18:13 (1002 turns).

KleinerIrrer the Zephyrmancer (TeAE)                Turns: 1002, Time: 00:18:13

Health: 0/54       AC: 25    Str: 19    XL:     11   Next: 8%
Magic:  23/23      EV:  1    Int: 15    God:    Vehumet [******]
Gold:   0          SH: 32    Dex: 17    Spells: 15/25 levels left

rFire    + . .     SeeInvis +   I - +7 Screaming Sword {slice, sonic wave}
rCold    + + .     Gourm    .   H - +18 shield of the Gong {rElec rN+ MR+ EV-5}
rNeg     + . .     Faith    .   F - +5 gold dragon scales
rPois    +         Spirit   .   (helmet restricted)
rElec    +         Reflect  .   O - +2 cloak {rPois}
rCorr    .         Harm     .   E - +1 pair of gloves {archery}
MR       +....     NoTele   +   (boots unavailable)
Stlth    ..........             (no amulet)
HPRegen  0.18/turn              T - ring "Otonia" {rC+ Str+4 Int-3 Dex+2 SInv}
MPRegen  0.18/turn              C - +6 ring of strength

@: corroded
A: beak, talons 3, able to fly
a: Fly, Renounce Religion


You were in the Dungeon.
You worshipped Vehumet.
Vehumet was exalted by your worship.
You were not hungry.

You visited 1 branch

Inventory:

Hand Weapons
 I - the +7 Screaming Sword (weapon) {slice, sonic wave}
   (You found it in the Dungeon)

   It inflicts extra damage upon your enemies.
 M - the +10 flail of the Old World {venom, +Blink rElec}
   (You found it in the Dungeon)

   It poisons the flesh of those it strikes.
   It insulates you from electricity.
   It lets you blink.
Armour
 E - a +1 pair of gloves of archery (worn)
 F - +5 gold dragon scales (worn)
 H - the +18 shield of the Gong (worn) {rElec rN+ MR+ EV-5}
   (You found it in the Dungeon)

   It affects your evasion (-5).
   It insulates you from electricity.
   It protects you from negative energy.
   It affects your resistance to hostile enchantments.
 O - a +2 cloak of poison resistance (worn)
Magical Staves
 a - an uncursed staff of energy
 Z - an uncursed staff of cold
Jewellery
 y - a +6 ring of dexterity
 z - a +6 ring of dexterity
 A - a +6 ring of intelligence
 B - a +6 ring of intelligence
 C - a +6 ring of strength (right hand)
 D - an uncursed ring of wizardry
 J - an uncursed ring of poison resistance
 L - an uncursed ring of stealth
 N - a +3 ring of evasion
 Q - the amulet of Wommucy {Inacc rElec Int+3 SInv Stlth+}
   (You found it in the Dungeon)

   [amulet of inaccuracy]

   It reduces the accuracy of all your attacks.
   It affects your intelligence (+3).
   It insulates you from electricity.
   It lets you see invisible.
   It makes you more stealthy.
 R - an uncursed ring of magical power
 S - an uncursed ring of magical power
 T - the ring "Otonia" (left hand) {rC+ Str+4 Int-3 Dex+2 SInv}
   (You found it in the Dungeon)

   [ring of protection from cold]

   It affects your strength (+4).
   It affects your intelligence (-3).
   It affects your dexterity (+2).
   It protects you from cold.
   It lets you see invisible.
 V - an uncursed ring of fire
 W - a +3 ring of slaying
 X - the ring of Phasing {EV+8}
   (You found it in the Dungeon)

   [ring of evasion]

   It affects your evasion (+8).
Wands
 b - a wand of disintegration (4)
 j - a wand of iceblast (1)
 k - a wand of acid (3)
Scrolls
 i - 4 scrolls of blinking
 r - 4 scrolls of amnesia
 s - 7 scrolls of fog
 t - a scroll of holy word
 u - 5 scrolls of identify
 v - 5 scrolls of remove curse
 w - 2 scrolls of fear
 P - 2 scrolls of brand weapon
Potions
 d - 9 potions of curing
 e - 10 potions of heal wounds
 f - 6 potions of haste
 g - 7 potions of magic
 h - 3 potions of berserk rage
 l - 2 potions of brilliance
 m - 2 potions of invisibility
 n - 4 potions of resistance
 o - a potion of experience
 p - 7 potions of agility
 q - 5 potions of might
Miscellaneous
 x - a lightning rod (inert)
 G - a crystal ball of energy
 U - a fan of gales (inert)
 Y - a sack of spiders
Comestibles
 c - 7 rations
 K - a chunk of flesh


   Skills:
 * Level 11.1 Armour
 - Level 5.8 Dodging
 - Level 2.0 Stealth
 * Level 13.9 Shields
 * Level 7.7 Spellcasting
 * Level 4.7 Conjurations
 * Level 2.3 Ice Magic
 - Level 14.5 Air Magic
 * Level 12.3 Evocations


You had 15 spell levels left.
You knew the following spells:

 Your Spells              Type           Power        Failure   Level  Hunger
a - Shock                 Conj/Air       ####         9%          1    None
b - Glaciate              Conj/Ice       ###.......   100%        9    #######

Your spell library contained the following spells:

 Spells                   Type           Power        Failure   Level  Hunger
 Lee's Rapid Deconstruct  Erth           #.........   100%        5    #####..
 Airstrike                Air            #####.....   11%         4    ####...
 Static Discharge         Conj/Air       ####....     22%         3    ##.....
 Searing Ray              Conj           ###...       58%         2    None
 Mephitic Cloud           Conj/Pois/Air  ####....     58%         3    ##.....
 Swiftness                Chrm/Air       ####....     75%         2    None
 Throw Frost              Conj/Ice       ###...       77%         2    None
 Freeze                   Ice            ##..         78%         1    None
 Lightning Bolt           Conj/Air       ####......   87%         5    #####..
 Animate Skeleton         Necr           N/A          100%        1    None
 Pain                     Necr           #...         100%        1    None
 Corpse Rot               Necr           N/A          100%        2    None
 Song of Slaying          Chrm           #.......     100%        2    None
 Sublimation of Blood     Necr           #.........   100%        2    None
 Gell's Gravitas          Tloc           #.........   100%        3    ##.....
 Ozocubu's Armour         Chrm/Ice       #.......     100%        3    ##.....
 Portal Projectile        Hex/Tloc       #.....       100%        3    ##.....
 Regeneration             Chrm/Necr      #.........   100%        3    ##.....
 Vampiric Draining        Necr           #.........   100%        3    ##.....
 Animate Dead             Necr           N/A          100%        4    ####...
 Petrify                  Tmut/Erth      #.......     100%        4    ####...
 Summon Ice Beast         Ice/Summ       #.......     100%        4    ####...
 Throw Icicle             Conj/Ice       ###.....     100%        4    ####...
 Agony                    Necr           #.......     100%        5    #####..
 Alistair's Intoxication  Tmut/Pois      #.......     100%        5    #####..
 Bolt of Draining         Conj/Necr      ##........   100%        5    #####..
 Bolt of Magma            Conj/Fire/Erth ##........   100%        5    #####..
 Dispel Undead            Necr           #.......     100%        5    #####..
 Excruciating Wounds      Chrm/Necr      #.........   100%        5    #####..
 Iskenderun's Battlesphe  Conj/Chrm      ##......     100%        5    #####..
 Venom Bolt               Conj/Pois      ##........   100%        5    #####..
 Iron Shot                Conj/Erth      ##........   100%        6    #######
 Poison Arrow             Conj/Pois      ##........   100%        6    #######
 Statue Form              Tmut/Erth      #........    100%        6    #######
 Dragon Form              Tmut           #.........   100%        7    #######
 Malign Gateway           Summ/Tloc      #.........   100%        7    #######
 Orb of Destruction       Conj           ###.......   100%        7    #######
 Spellforged Servitor     Conj/Summ      ##........   100%        7    #######
 Chain Lightning          Conj/Air       ####......   100%        8    #######
 Lehudib's Crystal Spear  Conj/Erth      ##........   100%        8    #######
 Dragon's Call            Summ           #.........   100%        9    #######
 Fire Storm               Conj/Fire      ##........   100%        9    #######


Dungeon Overview and Level Annotations

Branches:
Dungeon (1/1)

Altars:
Ashenzari
Cheibriados
Dithmenos
Elyvilon
Fedhas
Gozag
Hepliaklqana
Kikubaaqudgha
Makhleb
Nemelex Xobeh
Okawaru
Qazlal
Ru
Sif Muna
Trog
Uskayaw
Vehumet
Wu Jian
Xom
Yredelemnul
Zin
The Shining One
Beogh
Jiyva
Lugonu


Innate Abilities, Weirdness & Mutations

You have a beak for a mouth.
You have claws for feet.
You can fly continuously.


Message History

You block the wolf spider's attack.
BONNNG!
Your gold dragon scales prevents you from hitting the wolf spider.
You claw the wolf spider.
The wolf spider is severely wounded.
You block the wolf spider's attack.
GONNNNG!
The wolf spider bites you but does no damage.
You block the wolf spider's attack.
GONNNNG!
The wolf spider bites you! The spark wasp stings you.
The spark wasp shocks you. You resist. You block the wolf spider's attack.
GONNNNG!
The wolf spider bites you. The wolf spider hits you.
* * * LOW HITPOINT WARNING * * *
The wolf spider bites you but does no damage.
The jumping spider leaps!
The spark wasp stings you!
* * * LOW HITPOINT WARNING * * *
The spark wasp shocks you. You resist.
You die...

▓...|[|ys...▓...8©8...▓..8©8
▓...........▓...[).}..▓..}=)
▓..........○▓.........▓.....
▓.......y...▓.........▓..÷..
▓..........s▓...).....▓.....
..▓...ay▓..▓.........▓.....
▓.▓...▓y▓s▓.......))▓.....
▓..▓....s▓ys▓.▓.....▓)▓.▓...
▓.....©.sss@▓....©.)).▓...©.
▓▓▓▓▓▓▓▓▓▓▓▓▓▓▓▓▓▓▓▓▓▓▓▓▓▓▓▓
▓...8©8...▓...8©8...▓...8©8.
▓..).))[[.▓..|)..|..▓..[.|})
▓..))|....▓..)}).)..▓......"
▓.........▓..÷......▓.......
▓.........▓.........▓.......
▓÷........▓.....÷...▓.......
▓.........▓.........▓.......


You could see an entropy weaver, a spark wasp, 3 wolf spiders, 2 hornets, a
jumping spider, a tarantella and 2 redbacks.

Vanquished Creatures
  A hydra (D)
  A black mamba (D)
  A naga mage (D)
  A guardian serpent (D)
  2 spiny frogs (D)
  2 rime drakes (D)
  A hellion (D)
  4 merfolk (D)
  A polar bear (D)
  A tarantella (D)
  A basilisk (D)
  3 nagas (D)
  6 water moccasins (D)
  5 porcupines (D)
  An ice beast (D)
  3 orc warriors (D)
  A small abomination (D)
  4 crocodiles (D)
  2 bullfrogs (D)
  2 crimson imps (D)
  2 quasits (D)
  2 orc wizards (D)
  3 iron imps (D)
  3 iguanas (D)
  6 adders (D)
  2 river rats (D)
  A shadow imp (D)
  4 white imps (D)
  3 orcs (D)
  2 jackals (D)
  4 ball pythons (D)
  A leopard gecko simulacrum (D)
76 creatures vanquished.

Notes
Turn   | Place    | Note
-------+----------+-------------------------------------------
     0 | D        | Found the +6 Majin-Bo {vamp, Archmagi MP+6 Int+6}
     0 | D        | Found the +7 great mace "Firestarter" {inner flame, rF++}
     0 | D        | KleinerIrrer the Tengu Air Elementalist began the quest for
                  | the Orb.
     0 | D        | Reached XP level 1. HP: 10/10 MP: 4/4
     0 | D        | Found a bloodstained altar of Trog.
     0 | D        | Found a deep blue altar of Sif Muna.
     0 | D        | Found a sacrificial altar of Ru.
     0 | D        | Found a stormy altar of Qazlal.
     0 | D        | Found an iron altar of Okawaru.
     5 | D        | Became a worshipper of Vehumet
     9 | D        | Found a sparkling altar of Nemelex Xobeh.
    13 | D        | Found a blossoming altar of Fedhas.
    15 | D        | Found a transporter.
    15 | D        | Found an ancient bone altar of Kikubaaqudgha.
    15 | D        | Found a viscous altar of Jiyva.
    15 | D        | Found a corrupted altar of Lugonu.
    15 | D        | Found a hazy altar of Hepliaklqana.
    15 | D        | Found a burning altar of Makhleb.
    15 | D        | Found an opulent altar of Gozag.
    60 | D        | Found the +9 heavy crossbow "Sniper" {velocity, Acc+∞ SInv}
    60 | D        | Found the +10 dark maul {crush}
    60 | D        | Found the +15 Maxwell's patent armour {-Cast -Tele rElec
                  | MR+ rCorr}
    60 | D        | Found the +18 shield of the Gong {rElec rN+ MR+ EV-5}
    60 | D        | Found the cursed +14 obsidian axe {chop, +Fly SInv *Curse}
    62 | D        | Found the +6 shillelagh "Devastator" {shatter}
    62 | D        | Found the +11 plutonium sword {*Contam Stlth-}
    62 | D        | Found the +8 lance "Wyrmbane" {slay drac, rPois rF+ rC+
                  | AC+3}
    62 | D        | Found the +9 sword of Zonguldrok {reap}
    62 | D        | Found the cursed +13 scythe of Curses {drain, *Curse}
    62 | D        | Found the +0 sword of Power
    62 | D        | Found the +7 mace of Variability {chain chaos}
    62 | D        | Found the +7 Singing Sword {slice, sonic wave}
    62 | D        | Found the +7 longbow "Piercer" {penet, EV-2}
    88 | D        | Entered arena 2.
    88 | D        | Noticed an iron imp
    88 | D        | Noticed a crimson imp
    88 | D        | Found a transporter.
    89 | D        | Killed a crimson imp
    89 | D        | Reached skill level 6 in Air Magic
    89 | D        | Reached XP level 2. HP: 15/15 MP: 4/6
    89 | D        | Reached XP level 3. HP: 19/19 MP: 5/8
    90 | D        | Reached skill level 7 in Air Magic
    90 | D        | Reached XP level 4. HP: 24/24 MP: 5/9
   126 | D        | Entered arena 3.
   126 | D        | Noticed a naga
   126 | D        | Found a transporter.
   127 | D        | Reached * piety under Vehumet
   127 | D        | Offered knowledge of Sandblast by Vehumet.
   128 | D        | Killed a naga
   128 | D        | Reached skill level 9 in Air Magic
   128 | D        | Gained mutation: You can fly continuously. [Tengu growth]
   128 | D        | Reached XP level 5. HP: 28/28 MP: 9/12
   139 | D        | Got the +10 flail of the Old World {venom, +Blink rElec}
   152 | D        | Entered arena 4.
   152 | D        | Noticed a hellion
   152 | D        | Found a transporter.
   154 | D        | Killed a hellion
   154 | D        | Reached ** piety under Vehumet
   154 | D        | Reached skill level 5 in Shields
   154 | D        | Reached skill level 5 in Spellcasting
   154 | D        | Reached skill level 11 in Air Magic
   154 | D        | Reached skill level 5 in Evocations
   154 | D        | Reached XP level 6. HP: 32/32 MP: 12/14
   154 | D        | Reached XP level 7. HP: 36/36 MP: 12/15
   158 | D        | Reached *** piety under Vehumet
   172 | D        | Got the amulet of Wommucy {Inacc rElec Int+3 SInv Stlth+}
   174 | D        | Entered arena 5.
   174 | D        | Noticed a merfolk
   174 | D        | Noticed a merfolk
   174 | D        | Noticed a merfolk
   174 | D        | Noticed a merfolk
   174 | D        | Found a transporter.
   178 | D        | Killed a merfolk
   178 | D        | Reached skill level 5 in Dodging
   178 | D        | Reached skill level 12 in Air Magic
   179 | D        | Killed a merfolk
   179 | D        | Reached XP level 8. HP: 25/41 MP: 17/17
   183 | D        | Killed a merfolk
   183 | D        | Reached skill level 13 in Air Magic
   187 | D        | Killed a merfolk
   187 | D        | Reached **** piety under Vehumet
   304 | D        | Entered arena 6.
   304 | D        | Found a transporter.
   305 | D        | Offered knowledge of Throw Flame by Vehumet.
   307 | D        | Reached ***** piety under Vehumet
   331 | D        | Entered arena 7.
   335 | D        | Found a transporter.
   340 | D        | Reached XP level 9. HP: 35/45 MP: 20/20
   365 | D        | Got Sif Muna's Volume of Dislocated Enhancements
   404 | D        | Entered arena 8.
   414 | D        | Reached skill level 14 in Air Magic
   414 | D        | Reached ****** piety under Vehumet
   415 | D        | Found a transporter.
   423 | D        | Got the ring "Otonia" {rC+ Str+4 Int-3 Dex+2 SInv}
   437 | D        | Got The Lost Grimoire of the Archmage
   440 | D        | Entered arena 9.
   440 | D        | Noticed a rime drake
   440 | D        | Noticed a polar bear
   440 | D        | Noticed a rime drake
   451 | D        | Killed a rime drake
   454 | D        | Killed a rime drake
   454 | D        | Reached skill level 10 in Shields
   455 | D        | Killed a polar bear
   456 | D        | Found a transporter.
   504 | D        | Entered arena 10.
   506 | D        | Offered knowledge of Throw Frost by Vehumet.
   512 | D        | Reached skill level 10 in Evocations
   516 | D        | Reached XP level 10. HP: 50/50 MP: 21/21
   517 | D        | Found a transporter.
   547 | D        | Entered arena 11.
   547 | D        | Noticed a spiny frog
   547 | D        | Noticed a spiny frog
   548 | D        | Found the ring of Phasing {EV+8}
   556 | D        | Killed a spiny frog
   556 | D        | Reached skill level 10 in Armour
   568 | D        | Killed a spiny frog
   569 | D        | Found a transporter.
   583 | D        | Got the Reference Book on Conjuration
   585 | D        | Got the Guide on Virous Boosts
   674 | D        | Entered arena 12.
   674 | D        | Noticed a naga mage
   677 | D        | Noticed a guardian serpent
   679 | D        | Offered knowledge of Olgreb's Toxic Radiance by Vehumet.
   683 | D        | Killed a guardian serpent
   686 | D        | Killed a naga mage
   897 | D        | Found a transporter.
   903 | D        | Got the Papyrus of Shifting Poison
   921 | D        | Learned a level 9 spell: Glaciate
   922 | D        | Entered arena 13.
   922 | D        | Noticed a black mamba
   922 | D        | Noticed a seven-headed hydra
   928 | D        | Offered knowledge of Lee's Rapid Deconstruction by Vehumet.
   930 | D        | Killed a black mamba
   930 | D        | Reached skill level 1 in Ice Magic
   931 | D        | Killed a seven-headed hydra
   931 | D        | Reached XP level 11. HP: 44/54 MP: 23/23
   934 | D        | Found a transporter.
   986 | D        | Entered arena 14.
   987 | D        | Noticed a spark wasp
   987 | D        | Noticed a wolf spider
   987 | D        | Noticed a wolf spider
   988 | D        | Noticed a wolf spider
   990 | D        | Noticed an entropy weaver
  1002 | D        | Slain by a spark wasp

Skill      XL: |  1  2  3  4  5  6  7  8  9 10 |
---------------+-------------------------------+-----
Armour         | 2 4 6 7 8 9 11 | 11.1
Shields        | 2 4 5 6 8 10 13 | 13.9
Air Magic      | 6 7 9 11 12 13 14 | 14.5
Evocations     | 2 4 5 6 8 10 12 | 12.3
Dodging        | 3 4 5 |  5.8
Spellcasting   | 3 4 5 6 7 |  7.7
Conjurations   | 2 4 |  4.7
Ice Magic      | 2 |  2.3
Stealth        | |  2.0

Action                   |  1- 3 |  4- 6 |  7- 9 | 10-12 || total
-------------------------+-------+-------+-------+-------++-------
Melee: Double sword      |       |       |    26 |    20 ||    46
       Peck              |       |       |     5 |     4 ||     9
       Kick              |       |       |     3 |     5 ||     8
 Cast: Shock             |       |       |     1 |     1 ||     2
Evoke: Wand              |     1 |     3 |     9 |       ||    13
       Lightning rod     |       |     1 |    13 |    16 ||    30
       Fan of gales      |       |       |     1 |     2 ||     3
  Use: Potion            |       |       |       |     1 ||     1
Armor: Gold dragon scale |       |       |    23 |    37 ||    60
Dodge: Dodged            |       |       |     1 |       ||     1
Block: Shield            |       |     1 |    66 |    89 ||   156
